 Dungeon Crawl Stone Soup version 0.30.0-29-ga12c61a403 (webtiles) character file.

Game seed: 13349890240886801674

80 qw the Chopper (level 4, -5/28 HPs)
             Began as a Gargoyle Fighter on June 2, 2023.
             Killed from afar by Robin (7 damage)
             ... with a bolt of light
             ... on level 2 of the Dungeon.
             The game lasted 00:00:53 (1305 turns).

qw the Chopper (Gargoyle Fighter)                   Turns: 1305, Time: 00:00:53

Health: -5/28      AC: 10    Str: 22    XL:     4   Next: 39%
Magic:  4/4        EV:  9    Int:  8    God:
Gold:   60         SH:  0    Dex:  9    Spells: 3/3 levels left

rFire   . . .        Y - +0 war axe
rCold   . . .        c - +0 buckler
rNeg    + . .        b - +0 scale mail
rPois   inf          (no helmet)
rElec   +            (no cloak)
rCorr   .            (no gloves)
SInv    .            (no boots)
Will    .....        (no amulet) Stlth
                     (no ring)
HPRegen 0.24/turn    (no ring)
MPRegen 0.09/turn

%: no passive effects
@: confused
A: sickness immunity, AC +3, negative energy resistance 1, electricity
resistance, torment resistance 1, petrification resistance
a: no special abilities


You were on level 2 of the Dungeon.
You visited 1 branch of the dungeon, and saw 2 of its levels.

You collected 60 gold pieces.


Innate Abilities, Weirdness & Mutations

You are immune to sickness and miasma.
Your stone body is resilient. (AC +3)
You are immune to poison.
You resist negative energy. (rN+)
You are resistant to electric shocks. (rElec)
You are resistant to unholy torment.
You are immune to petrification.


   Skills:
 - Level 3.2 Fighting
 + Level 4.1 Axes
 - Level 3.2 Armour
 - Level 3.2 Shields


You had 3 spell levels left.
You didn't know any spells.
Your spell library was empty.

Inventory:

Hand Weapons
 j - a +0 club
 Y - a +0 war axe (weapon)
Armour
 b - a +0 scale mail (worn)
 c - a +0 buckler (worn)
Scrolls
 a - a scroll of teleportation
 e - a scroll of fear {unknown}
Potions
 d - a potion of might
 f - a potion of degeneration {unknown}
 g - a potion of flight {unknown}
 h - a potion of brilliance {unknown}
 i - 2 potions of curing {unknown}
 k - a potion of heal wounds {unknown}

Dungeon Overview and Level Annotations

Branches:
Dungeon (2/15)

Altars:

Annotations:
D:2 Robin


Message History

You closely miss the goblin.
A hobgoblin comes into view.
The goblin barely misses you. You block the goblin's attack.
You barely miss the goblin.
The hobgoblin shouts!
A goblin comes into view. It is wielding a +0 club.
You block the goblin's attack.
You barely miss the goblin.
The goblin no longer looks unusually strong.
Robin throws the goblin at you! The goblin closely misses you.
The goblin hits you but does no damage.
You hit the goblin.
The goblin is severely wounded.
You hit the goblin but do no damage. Robin throws the goblin at you!
The goblin hits you but does no damage. You block the goblin's attack.
The goblin closely misses you. The goblin barely misses you.
You closely miss the goblin.
The goblin is severely wounded.
You hit Robin. You slash the goblin!
You kill the goblin!
The goblin no longer looks unusually strong.
Robin roars a battlecry!
The goblin goes into a battle-frenzy!
The goblin hits you with a +0 club.
You slash the goblin!
You kill the goblin!
You barely miss Robin. Robin barely misses you.
Robin hits you but does no damage.
You closely miss Robin.
Robin is lightly wounded.
The hobgoblin no longer looks unusually strong.
Robin hits you with a +0 dagger.
You hit Robin but do no damage.
Robin is lightly wounded.
Robin zaps a wand.
The bolt of light hits you!!
You are confused.
Ouch! That really hurt!
Robin zaps a wand.
The bolt of light hits you!
You die...

#.#.... #.# #..
#.#######.####..
#.~~~~~~~....%..
######.#######..#####
#......#.....#..#
#.###..###.###.##
#........#.#...#
########)##.#.#.#######
....ggg@)##.).........#
############..........##
#..........#.
#..........#.
#............
########.###% #.# #. #.#
#. #.# #.


You could see Robin, a hobgoblin and a goblin (strong).

Vanquished Creatures
  Jessica (D:2)
  2 worms (D:2)
  5 ball pythons
  4 bats
  2 endoplasms
  3 giant cockroaches
  12 goblins
  4 hobgoblins
  3 quokkas
  A frilled lizard (D:1)
  2 kobolds
  5 rats
44 creatures vanquished.

Notes
Turn   | Place    | Note
-------+----------+-------------------------------------------
     0 | D:1      | qw the Gargoyle Fighter began the quest for the Orb.
     0 | D:1      | Reached XP level 1. HP: 14/14 MP: 1/1
     0 | D:1      | 0 ||| qw: Version: 0.2-a-102-gdf20003
     0 | D:1      | 0 ||| qw: Game counter: 911
     0 | D:1      | 0 ||| qw: Always use a shield: true
     0 | D:1      | 0 ||| qw: God list: Okawaru
     0 | D:1      | 0 ||| qw: Allow faded altars: false
     0 | D:1      | 0 ||| qw: Do Orc after D:15 true
     0 | D:1      | 0 ||| qw: Do second Lair branch before Depths: true
     0 | D:1      | 0 ||| qw: Lair rune preference: random
     0 | D:1      | 0 ||| qw: Plans: Normal, Zot:1-4, Slime:5, God:TSO, Crypt,
                  | Tomb, Pan, Hells, Abyss, Win
     0 | D:1      | 0 ||| PLANNING D:1-11
    79 | D:1      | Reached skill level 2 in Axes
   132 | D:1      | Reached XP level 2. HP: 19/19 MP: 2/2
   465 | D:1      | 465 ||| Stepping ~*~*~tactically~*~*~ (stealth).
   471 | D:1      | Reached skill level 3 in Axes
   684 | D:1      | 684 ||| READING 2 scrolls labelled ESOPSE LOEVVOCK.
   689 | D:1      | 689 ||| READING scroll labelled TEFRONO XACIM.
   706 | D:2      | Reached XP level 3. HP: 23/23 MP: 3/3
   828 | D:2      | Noticed Jessica
   839 | D:2      | Killed Jessica
   840 | D:2      | Reached XP level 4. HP: 23/28 MP: 4/4
   924 | D:2      | 924 ||| Stepping ~*~*~tactically~*~*~ (stealth).
   975 | D:2      | 975 ||| Stepping ~*~*~tactically~*~*~ (stealth).
  1097 | D:2      | 1097 ||| Stepping ~*~*~tactically~*~*~ (stealth).
  1098 | D:2      | 1098 ||| Stepping ~*~*~tactically~*~*~ (stealth).
  1100 | D:2      | 1100 ||| Stepping ~*~*~tactically~*~*~ (hiding).
  1113 | D:2      | Reached skill level 4 in Axes
  1289 | D:2      | Noticed Robin
  1304 | D:2      | HP: 2/28 [Robin/bolt of light (21)]
  1305 | D:2      | Killed from afar by Robin

Levels and vault maps discovered:
D:1:      dpeg_arrival_round_b, layout_basic
D:2:      layout_basic, chequers_decorated_corner, grunt_decor_cap,
          uniq_jessica, uniq_robin

Skill      XL: |  1  2  3  4 |
---------------+-------------+-----
Axes           | 2 3 4 |  4.1
Fighting       | |  3.2
Armour         | |  3.2
Shields        | |  3.2

Action                     |  1- 3 |  4- 6 || total
---------------------------+-------+-------++-------
  Melee: War axe           |    94 |    56 ||   150
    Use: Scroll            |     2 |       ||     2
 Armour: Scale mail        |    35 |    20 ||    55
  Dodge: Dodged            |    57 |    33 ||    90
  Block: Buckler           |    19 |    12 ||    31

Table legend:
 A = Non-vault XP
 B = Vault XP
 C = Vault XP percentage of total XP
 D = Non-vault monster count
 E = Vault monster count
 F = Vault count percentage of total count
                 A         B        C        D         E       F
            +---------+---------+-------+---------+---------+-------
      Total |      69 |      46 |  40.0 |      38 |       6 |  13.6
            +---------+---------+-------+---------+---------+-------
        D:1 |      32 |       0 |   0.0 |      20 |       0 |   0.0
        D:2 |      37 |      46 |  55.4 |      18 |       6 |  25.0
            +---------+---------+-------+---------+---------+-------
